 Dungeon Crawl Stone Soup version 0.29.1-15-g9cfb28693d (webtiles) character file.

Game seed: 9706020427350500155

11333 Akroth the Covert (level 11, -2/74 HPs)
             Began as a Demigod Conjurer on Mar 27, 2023.
             Slain by a wyvern (14 damage)
             ... on level 11 of the Dungeon on Mar 30, 2023.
             The game lasted 03:03:13 (17486 turns).

Akroth the Covert (Demigod Conjurer)               Turns: 17486, Time: 03:03:14

Health: -2/74      AC:  8    Str:  8    XL:     11   Next: 24%
Magic:  1/27       EV: 14    Int: 32    God:
Gold:   664        SH:  3    Dex: 12    Spells: 6/25 levels left

rFire   . . .      SeeInvis .   l - +9 trident of the New World {vorpal, +Blink rPois Will+}
rCold   . . .      Faith    .   b - +0 buckler
rNeg    + . .      Spirit   .   p - +0 troll leather armour
rPois   +          Reflect  .   z - +1 helmet
rElec   .          Harm     .   o - +0 cloak
rCorr   .          Rampage  .   r - +0 pair of gloves
Will    ++...                   (no boots)
Stlth   ++++......              (no amulet)
HPRegen 1.02/turn               q - +4 ring of slaying
MPRegen 0.20/turn               g - ring of positive energy

@: no status effects
A: high MP 1, forlorn, divine attributes
a: Evoke Blink


You were on level 11 of the Dungeon.
You visited 1 branch of the dungeon, and saw 11 of its levels.

You collected 664 gold pieces.

Inventory:

Hand Weapons
 l - the +9 trident of the New World (weapon) {vorpal, +Blink rPois Will+}
   (You found it on level 7 of the Dungeon)

   It inflicts extra damage upon your enemies.
   rPois:     It protects you from poison.
   +Blink:    It lets you blink.
   Will:      It increases your willpower.
 u - a +3 dagger of venom
 w - a +3 quarterstaff of chaos
Armour
 b - a +0 buckler (worn)
 h - +0 steam dragon scales
 o - a +0 cloak (worn)
 p - a +0 troll leather armour (worn)
 r - a +0 pair of gloves (worn)
 z - a +1 helmet (worn)
Magical Staves
 a - a staff of poison
Jewellery
 g - a ring of positive energy (right hand)
 q - a +4 ring of slaying (left hand)
Wands
 f - a wand of charming (6)
 k - a wand of mindburst (3)
 m - a wand of polymorph (6)
 A - a wand of roots (2)
Scrolls
 e - a scroll of brand weapon {unknown}
 t - a scroll of poison
 B - a scroll of identify
Potions
 d - 2 potions of attraction
 i - 2 potions of brilliance
 j - a potion of cancellation
 n - 2 potions of resistance
 s - 2 potions of might
 v - a potion of flight
Miscellaneous
 y - a piece from Xom's chessboard (15/15)


   Skills:
 + Level 2.0 Polearms
 + Level 8.6 Dodging
 + Level 9.3 Stealth
 + Level 7.9 Spellcasting
 + Level 9.2 Conjurations


You had 6 spell levels left.
You knew the following spells:

 Your Spells              Type           Power      Damage    Failure   Level
a - Magic Dart            Conj           100%       1d8       1%          1
b - Searing Ray           Conj           100%       2d8       1%          2
c - Iskenderun's Mystic   Conj/Tloc      42%        2d10      11%         4
d - Fulminant Prism       Conj/Hex       21%        3d13      11%         4
e - Fireball              Conj/Fire      21%        3d10      30%         5
f - Call Canine Familiar  Summ           12%        N/A       22%         3

Your spell library contained the following spells:

 Spells                   Type           Power      Damage    Failure   Level
 Dazzling Flash           Conj/Hex       84%        N/A       3%          3
 Portal Projectile        Hex/Tloc       24%        N/A       22%         3
 Leda's Liquefaction      Hex/Erth       6%         N/A       58%         4
 Starburst                Conj/Fire      21%        6d7       86%         6
 Ignition                 Fire           6%         3d4       100%        8
 Chain Lightning          Conj/Air       21%        3d28      100%        9
 Fire Storm               Conj/Fire      21%        8d5       100%        9
 Shatter                  Erth           6%         3d9*      100%        9


Dungeon Overview and Level Annotations

Branches:
Dungeon (11/15)            Temple (0/1) D:7
   Lair: D:8-11         Orc: D:9-12

Annotations:
D:9 2 transporters, javelincjr's ghost, journeyman DjCj


Innate Abilities, Weirdness & Mutations

You have an increased reservoir of magic. (+10% MP)
You shall have no god before yourself.
Your divine heritage dramatically boosts your attributes as you level up.


Message History

The basilisk bites you! The wyvern bites you!
Casting: Searing Ray (safe; 1% risk of failure)
Confirm with . or Enter, or press ? or * to list all spells.
Okay, then.
Casting: Searing Ray (safe; 1% risk of failure)
Confirm with . or Enter, or press ? or * to list all spells.
You erupt in a blast of force!
The mystic blast hits the wyvern!
The wyvern is moderately wounded.
The wyvern is knocked back by the mystic blast.
The wyvern slams into the rock wall!
The mystic blast hits the basilisk!
The basilisk is lightly wounded.
The basilisk is knocked back by the mystic blast.
The basilisk slams into the stone wall!
The basilisk is moderately wounded.
Casting: Iskenderun's Mystic Blast (dangerous; 11% risk of failure)
Confirm with . or Enter, or press ? or * to list all spells.
You don't have enough magic to cast this spell.
Casting: Iskenderun's Mystic Blast (dangerous; 11% risk of failure)
Confirm with . or Enter, or press ? or * to list all spells.
Aiming: Searing Ray (safe; 1% risk of failure)
Press: ? - help, Shift-Dir - straight line, f - wyvern
Aim: a wyvern (moderately wounded, 83% to hit)
The searing ray misses the wyvern. (Press . to maintain the ray.)
The wyvern bites you! The basilisk bites you.
* * * LOW HITPOINT WARNING * * *
The searing ray misses the wyvern.
The wyvern bites you.
* * * LOW HITPOINT WARNING * * *
The wyvern misses you. The basilisk barely misses you.
Unknown command.
As you read the scroll of fog, it crumbles to dust.
The scroll dissolves into smoke.
The wyvern closely misses you. The basilisk misses you.
The wyvern barely misses you. The wyvern bites you!
* * * LOW HITPOINT WARNING * * *
The basilisk gazes at you. You resist with almost no effort.
The wyvern attacks as you move away! The wyvern closely misses you.
The wyvern bites you!
You die...

.# ..## ## #.... ####.#
.....## ####...##
.......######
#######...###..
........§§§§####..##..####
#.# ####..§§§§§§###...[##
### #..#[##l§l@§.....## ##
#..############ ####


You could see a wyvern.

Vanquished Creatures
  Josephine (D:11)
  A centaur warrior (D:8)
  A cyclops (D:11)
  A kobold demonologist (D:11)
  A komodo dragon (D:11)
  2 tengu conjurers (D:11)
  A troll (D:10)
  2 wyverns (D:11)
  24 yaks
  6 wraiths
  4 steam dragons
  2 vampire mosquitoes (D:9)
  A basilisk (D:11)
  2 acid dragons (D:11)
  2 water moccasins
  2 sky beasts
  3 orc warriors
  A black bear (D:4)
  An ogre (D:5)
  2 centaurs (D:9)
  A phantom (D:3)
  3 kobold brigands
  4 bullfrogs
  A gnoll sergeant (D:9)
  A scorpion (D:6)
  A necrophage (D:6)
  3 killer bees (D:8)
  A howler monkey (D:10)
  A jelly (D:6)
  4 hounds
  Crazy Yiuf (D:6)
  9 orc priests
  7 orc wizards
  11 gnolls
  9 adders
  A shadow imp (D:6)
  A white imp (D:7)
  4 dart slugs
  33 orcs
  4 ball pythons
  14 bats
  6 endoplasms
  2 giant cockroaches
  11 goblins
  7 hobgoblins
  4 jackals
  15 kobolds
  3 quokkas
  8 frilled lizards
  5 rats
  A fulminant prism (D:11)
236 creatures vanquished.

Vanquished Creatures (others)
  12 fulminant prisms
  5 plants (D:7)
17 creatures vanquished.

Grand Total: 253 creatures vanquished

Notes
Turn   | Place    | Note
-------+----------+-------------------------------------------
     0 | D:1      | Akroth the Demigod Conjurer began the quest for the Orb.
     0 | D:1      | Reached XP level 1. HP: 14/14 MP: 5/5
   364 | D:1      | Reached XP level 2. HP: 20/20 MP: 4/7
   367 | D:1      | Learned a level 2 spell: Searing Ray
  1011 | D:1      | You fall into a shaft and drop 1 floor!
  1516 | D:2      | Reached XP level 3. HP: 26/26 MP: 1/8
  2231 | D:3      | Reached XP level 4. HP: 33/33 MP: 7/10
  2975 | D:3      | Noticed a phantom
  2984 | D:3      | Killed a phantom
  2985 | D:3      | Reached XP level 5. HP: 29/38 MP: 0/12
  3659 | D:4      | Learned a level 4 spell: Iskenderun's Mystic Blast
  3694 | D:4      | Noticed a black bear
  3701 | D:4      | Killed a black bear
  3702 | D:4      | Reached XP level 6. HP: 36/45 MP: 2/13
  4839 | D:5      | Entered Level 5 of the Dungeon
  5772 | D:6      | Reached skill level 5 in Conjurations
  5772 | D:6      | Reached XP level 7. HP: 43/50 MP: 3/15
  7405 | D:6      | Found a runed translucent door.
  7406 | D:6      | Noticed Crazy Yiuf
  7427 | D:6      | Killed Crazy Yiuf
  7744 | D:6      | Learned a level 4 spell: Fulminant Prism
  7770 | D:7      | Reached skill level 5 in Stealth
  8251 | D:7      | Reached XP level 8. HP: 57/57 MP: 11/18
  8269 | D:7      | Identified the +9 trident of the New World {vorpal, +Blink
                  | rPois Will+}
  8421 | D:7      | Found a staircase to the Ecumenical Temple.
  8582 | D:7      | Reached skill level 5 in Dodging
  9377 | D:8      | Reached skill level 5 in Spellcasting
  9978 | D:8      | Reached XP level 9. HP: 30/62 MP: 2/20
 10443 | D:8      | Noticed a centaur warrior
 11090 | D:9      | Found a flagged portal.
 11627 | D:9      | Found a transporter.
 11630 | D:9      | Noticed a tengu warrior
 11679 | D:9      | Found a transporter.
 11679 | D:9      | Noticed a two-headed ogre
 11680 | D:9      | Noticed javelincjr's ghost (journeyman DjCj)
 11683 | D:9      | Noticed a moth of wrath
 11701 | D:9      | Noticed a two-headed ogre
 12159 | D:9      | Reached XP level 10. HP: 61/69 MP: 17/23
 12313 | D:10     | Entered Level 10 of the Dungeon
 13573 | D:8      | Killed a centaur warrior
 13979 | D:8      | Learned a level 4 spell: Fulminant Prism
 13985 | D:8      | Learned a level 5 spell: Fireball
 15118 | D:9      | Noticed a two-headed ogre
 15272 | D:10     | Noticed a manticore
 16263 | D:10     | Learned a level 3 spell: Call Canine Familiar
 16626 | D:11     | Noticed Josephine
 16639 | D:11     | Killed Josephine
 17081 | D:11     | Reached XP level 11. HP: 69/74 MP: 14/26
 17100 | D:11     | Reached skill level 1 in Polearms
 17486 | D:11     | Slain by a wyvern

Illustrated notes

Levels and vault maps discovered:
D:1:      shiori_shiawase, layout_basic, ebering_ecumenical_altar_abandoned
D:2:      layout_basic, basic_altar
D:3:      layout_basic, nicolae_vehumet_altar_sigil
D:4:      layout_layer_cave, gammafunk_temple_overflow_wave,
          mainiacjoe_overflow_paths, nicolae_qazlal_scattered_showers,
          kennysheep_slug_shrine, corexii_checkpoint_a, nicolae_eternal_life
D:5:      layout_cave_pools, grunt_dithmenos_smoke_and_mirrors,
          nicolae_tso_carved_into_rock
D:6:      layout_cave_pods, mainiacjoe_overflow_six_doors_small,
          uniq_crazy_yiuf_cottage
D:7:      layout_cave_pools, xom_butterflies, minmay_temple_entry_gardened_gates
D:8:      layout_loops_cross, nicolae_overflow_crystal_walls,
          small_chamber_with_monster, minmay_misc_feat_square, roderic_batcave
D:9:      layout_stronghold, kiku_gazebo_pond_becter, enter_bailey_5,
          gammafunk_ghost_wrathful_warriors, serial_column_ruins,
          column_ruins_hut, column_ruins_hut, column_ruins_columns_water,
          column_ruins_corridor_corner, column_ruins_grid_1,
          column_ruins_columns_corner, column_ruins_open_small,
          column_ruins_open_large
D:10:     layout_irregular_city
D:11:     layout_roguey, erik_lair_dragon, erik_orc_4, uniq_josephine

Skill      XL: |  1  2  3  4  5  6  7  8  9 10 11 |
---------------+----------------------------------+-----
Stealth        | 2 3 4 5 6 7 9 |  9.3
Dodging        | 2 3 4 5 7 8 |  8.6
Spellcasting   | 2 3 4 5 6 7 |  7.9
Conjurations   | 4 5 6 7 9 |  9.2
Polearms       | 2 |  2.0

Action                   |  1- 3 |  4- 6 |  7- 9 | 10-12 || total
-------------------------+-------+-------+-------+-------++-------
Melee: Unarmed           |     5 |       |       |       ||     5
       Spear             |     5 |       |       |       ||     5
       Trident           |       |       |     9 |    21 ||    30
       Quarterstaff      |       |       |     1 |       ||     1
       Punch             |       |       |     1 |       ||     1
 Cast: Magic Dart        |    51 |    93 |   135 |    25 ||   304
       Searing Ray       |     7 |    17 |    58 |    72 ||   154
       Iskenderun's Myst |       |       |     1 |     6 ||     7
       Fulminant Prism   |       |       |       |    13 ||    13
       Call Canine Famil |       |       |       |     3 ||     3
       Fireball          |       |       |       |     1 ||     1
 Abil: Evoke Blink       |       |       |       |     1 ||     1
Evoke: Wand              |       |       |     2 |       ||     2
  Use: Scroll            |     3 |     7 |     3 |     7 ||    20
       Potion            |       |       |    10 |    12 ||    22
Armor: Ring mail         |     7 |     7 |       |       ||    14
       Robe              |       |     2 |    19 |    10 ||    31
       Steam dragon scal |       |       |       |    13 ||    13
       Troll leather arm |       |       |       |    18 ||    18
Dodge: Dodged            |    15 |    26 |    74 |   122 ||   237
Block: Buckler           |       |       |       |     2 ||     2
